 Dungeon Crawl Stone Soup version 0.22-a0-763-g783f74d (webtiles) character file.

40786 Kaltorak the Basher (level 13, -8/202 HPs)
             Began as a Troll Berserker on July 16, 2018.
             Was a High Priest of Trog.
             Mangled by a two-headed ogre
             ... wielding a +0 giant club
              (11 damage)
             ... on level 15 of the Dungeon.
             The game lasted 00:58:39 (14701 turns).

Kaltorak the Basher (Troll Berserker)              Turns: 14701, Time: 00:58:39

Health: -8/202     AC:  9    Str: 31    XL:     13   Next: 76%
Magic:  12/12      EV: 12    Int:  6    God:    Trog [*****.]
Gold:   275        SH:  5    Dex:  5    Spells: 12/12 levels left

rFire    + + .     SeeInvis +   b - +11 battleaxe of Trog's Favour {vamp, rC+ Dex-5 SInv}
rCold    + . .     Gourm    +   (shield currently unavailable)
rNeg     . . .     Faith    .   a - +2 robe {MR+}
rPois    .         Spirit   .   (helmet restricted)
rElec    .         Reflect  +   n - +1 cloak
rCorr    .         Harm     .   (gloves unavailable)
MR       ++...                  (boots unavailable)
Stlth    ..........             U - +5 amulet of reflection
HPRegen  0.83/turn              q - ring of protection from magic
MPRegen  0.13/turn              Q - ring "Losekaar" {rF++ Str-4 Int+2 Slay+3}

@: berserking, very quick
A: large, unfitting armour, claws 3, fast metabolism 3, gourmand, regeneration
1, shaggy fur 1, tough skin 2
a: Berserk, Trog's Hand, Brothers in Arms, Renounce Religion


You were on level 15 of the Dungeon.
You worshipped Trog.
Trog was extremely pleased with you.
You were full.

You visited 1 branch of the dungeon, and saw 15 of its levels.
You also visited: Sewer.

You collected 1158 gold pieces.
You spent 883 gold pieces at shops.

Inventory:

Hand Weapons
 b - the +11 battleaxe of Trog's Favour (weapon) {vamp, rC+ Dex-5 SInv}
   (Trog gifted it to you on level 10 of the Dungeon)

   It inflicts no extra harm, but heals its wielder when it wounds a living foe.
   It affects your dexterity (-5).
   It protects you from cold.
   It lets you see invisible.
 t - a +0 blowgun
 C - a +0 giant spiked club
 E - a +0 great mace of crushing
 L - a +2 dire flail of protection
 T - a +3 antimagic great mace
 Z - a +1 mace of crushing
Missiles
 l - 14 javelins (quivered)
 m - 4 throwing nets
 s - 17 poisoned needles
 O - 6 curare-tipped needles
 W - 5 large rocks
Armour
 a - a +2 robe of magic resistance (worn)
 n - a +1 cloak (worn)
Jewellery
 i - an uncursed ring of fire
 q - a ring of protection from magic (left claw)
 v - an uncursed ring of magical power
 F - an uncursed amulet of guardian spirit
 G - an uncursed ring of poison resistance
 I - an uncursed ring of protection from magic
 M - a +4 ring of strength
 Q - the ring "Losekaar" (right claw) {rF++ Str-4 Int+2 Slay+3}
   (You found it on level 12 of the Dungeon)

   [ring of intelligence]

   It affects your strength (-4).
   It affects your intelligence (+2).
   It affects your accuracy and damage with ranged weapons and melee attacks
   (+3).
   It greatly protects you from fire.
 R - a +2 ring of protection
 U - a +5 amulet of reflection (around neck)
Wands
 e - a wand of acid (1)
 h - a wand of iceblast (8)
 H - a wand of polymorph (46)
 K - a wand of flame (12)
Scrolls
 k - 3 scrolls of enchant weapon
 y - 3 scrolls of blinking
 A - 3 scrolls of enchant armour
 J - 5 scrolls of identify
 P - 2 scrolls of magic mapping
 S - a scroll of remove curse
 Y - 3 scrolls of teleportation
Potions
 d - 6 potions of curing
 g - 2 potions of berserk rage
 j - 2 potions of brilliance
 o - 5 potions of haste
 p - 2 potions of flight
 r - 2 potions of might
 u - 4 potions of heal wounds
 w - a potion of agility
 x - 2 potions of lignification
 z - 2 potions of magic
 B - 2 potions of mutation
 D - a potion of ambrosia
 N - a potion of resistance
 X - a potion of cancellation
Miscellaneous
 V - a fan of gales
Comestibles
 c - 23 rations


   Skills:
 + Level 10.5 Fighting
 * Level 10.3(12.1) Axes
 - Level 11.3(13.1) Maces & Flails
 + Level 10.5 Dodging


You had 12 spell levels left.
You didn't know any spells.
Your spell library was empty.

Dungeon Overview and Level Annotations

Branches:
Dungeon (15/15)            Temple (0/1) D:4            Lair (0/6) D:11
    Orc (0/2) D:10         Vaults (0/5) D:14
 Depths: D:15

Altars:
Fedhas
Gozag
Hepliaklqana
Kikubaaqudgha
Sif Muna
Trog
Wu Jian
The Shining One

Shops:
D:7 :!}   D:12 %!=   D:13 *

Annotations:
D:10 1 runed door


Innate Abilities, Weirdness & Mutations

You are too large for most types of armour.
You have claws for hands.
Your metabolism is lightning-fast.
You like to eat raw meat.
Your natural rate of healing is unusually fast.
You are covered in fur. (AC +1)
You have very tough skin. (AC +2)


Message History

* * * LOW HITPOINT WARNING * * *
The two-headed ogre hits you with a giant spiked club!
* * * LOW HITPOINT WARNING * * *
You dice the two-headed ogre like an onion!!!
You feel better.
You kill the two-headed ogre!
Trog accepts your kill.
You barely miss the two-headed ogre.
The two-headed ogre hits you with a giant club!
* * * LOW HITPOINT WARNING * * *
The two-headed ogre hits you with a giant spiked club!
* * * LOW HITPOINT WARNING * * *
You slash the two-headed ogre!
The two-headed ogre is moderately wounded.
You slash the two-headed ogre!
You feel better.
The two-headed ogre is heavily wounded.
The two-headed ogre hits you with a giant club!!
* * * LOW HITPOINT WARNING * * *
The two-headed ogre hits you with a giant spiked club!
You die...

##########
......)).# #)#
#O# #@# #.#
#.# ### #.#
#.# #.#
#.##########.#
#............#
#.############
#.#


You could see a two-headed ogre.

Vanquished Creatures
  7 vault guards
  A hydra (D:12)
  8 two-headed ogres
  2 centaur warriors
  An ogre mage (D:15)
  A tengu warrior (D:15)
  A skeletal warrior (D:12)
  2 unseen horrors
  A wolf spider zombie (D:15)
  A deep elf mage (D:13)
  2 ugly things
  A cyclops (D:13)
  A manticore (D:11)
  Joseph (D:7)
  A spiny frog (shapeshifter) (D:14)
  A gargoyle (D:15)
  A kobold demonologist (D:12)
  A komodo dragon (D:13)
  A freezing wraith (D:14)
  3 trolls
  A hornet (D:11)
  6 slime creatures (D:12)
  3 hippogriffs
  A water elemental (D:15)
  22 yaks
  A wraith (D:14)
  3 wyverns
  A human (D:8)
  5 vampire mosquitoes
  2 wargs (D:11)
  3 hungry ghosts
  An acid dragon (D:14)
  7 ice beasts
  6 sky beasts
  9 orc warriors
  An ice beast (shapeshifter) (D:13)
  3 black bears
  2 eyes of draining
  3 ogres
  7 centaurs
  4 big kobolds
  9 bullfrogs
  3 scorpions
  3 killer bees (D:9)
  13 wights
  2 howler monkeys
  4 crimson imps
  5 quasits
  4 bullfrog zombies
  11 hounds
  3 jellies
  A centaur zombie (D:6)
  3 bullfrog skeletons
  18 orc priests
  5 iguanas
  7 centaur skeletons
  26 orc wizards
  7 worker ants
  3 hound skeletons
  Robin (D:4)
  A howler monkey zombie (D:7)
  A worker ant zombie (D:9)
  11 gnolls
  13 adders
  2 river rats (Sewer)
  4 shadow imps
  An ooze (D:2)
  An adder skeleton (D:2)
  3 worms
  2 dart slugs
  8 leopard geckos
  86 orcs
  4 bats
  12 giant cockroaches
  18 goblins
  11 hobgoblins
  22 jackals
  4 quokkas
  3 ball pythons
  4 frilled lizards
  A jackal skeleton (D:9)
  28 kobolds
  A leopard gecko zombie (D:7)
  A quokka skeleton (D:7)
  11 rats
510 creatures vanquished.

Vanquished Creatures (collateral kills)
  Roxanne (D:14)
  A vault guard (D:13)
  A catoblepas (D:14)
  A centaur warrior (D:14)
  7 skeletal warriors
  A cyclops (D:13)
  A centaur skeleton (D:14)
  3 meliai (D:14)
  A troll (D:14)
  An orc warrior (D:13)
  An ice beast (D:14)
  A centaur (D:14)
  A wight (D:9)
21 creatures vanquished.

Vanquished Creatures (others)
  A centaur (D:13)
1 creature vanquished.

Grand Total: 532 creatures vanquished

Notes
Turn   | Place    | Note
-------+----------+-------------------------------------------
     0 | D:1      | Kaltorak the Troll Berserker began the quest for the Orb.
     0 | D:1      | Reached XP level 1. HP: 22/22 MP: 0/0
   215 | D:1      | Reached skill level 3 in Maces & Flails
   215 | D:1      | Reached XP level 2. HP: 29/29 MP: 1/1
   453 | D:1      | Reached XP level 3. HP: 36/36 MP: 2/2
   458 | D:1      | Reached ** piety under Trog
   549 | D:1      | You fall through a shaft!
   974 | D:2      | Reached XP level 4. HP: 36/44 MP: 3/3
  1599 | D:3      | Reached skill level 4 in Maces & Flails
  1784 | D:3      | Reached *** piety under Trog
  2111 | D:4      | Reached XP level 5. HP: 53/53 MP: 4/4
  2179 | D:4      | Noticed Robin
  2193 | D:4      | Killed Robin
  2477 | D:4      | Noticed an ogre
  2488 | D:4      | Reached XP level 6. HP: 61/61 MP: 5/5
  2491 | D:4      | Reached skill level 5 in Maces & Flails
  2580 | D:4      | Reached **** piety under Trog
  2590 | D:4      | Found a glowing drain.
  2599 | Sewer    | Entered a sewer
  2724 | Sewer    | Found a glowing silver altar of Zin.
  2958 | D:4      | Found a staircase to the Ecumenical Temple.
  3047 | D:5      | Entered Level 5 of the Dungeon
  3061 | D:5      | Noticed a sky beast
  3067 | D:5      | Reached XP level 7. HP: 62/68 MP: 6/6
  3085 | D:5      | Reached skill level 6 in Maces & Flails
  3582 | D:5      | Found a glowing golden altar of the Shining One.
  3775 | D:5      | Reached XP level 8. HP: 79/79 MP: 7/7
  3786 | D:5      | Found an opulent altar of Gozag.
  3797 | D:5      | Found an ornate altar of the Wu Jian Council.
  3801 | D:5      | Found a bloodstained altar of Trog.
  4051 | D:6      | Noticed a two-headed ogre
  4062 | D:6      | Killed a two-headed ogre
  4062 | D:6      | Reached skill level 5 in Fighting
  4062 | D:6      | Reached skill level 7 in Maces & Flails
  4062 | D:6      | Reached skill level 5 in Dodging
  4160 | D:6      | Reached ***** piety under Trog
  4160 | D:6      | Reached skill level 8 in Maces & Flails
  4313 | D:6      | Reached XP level 9. HP: 86/88 MP: 8/8
  4881 | D:6      | Found a blossoming altar of Fedhas.
  4964 | D:6      | Reached skill level 9 in Maces & Flails
  5234 | D:6      | Found a deep blue altar of Sif Muna.
  5276 | D:6      | Identified Sif Muna's Papyrus of Enchantment
  5314 | D:7      | Found Ogush's Distillery.
  5325 | D:7      | Found Neghiuwa's Gadget Emporium.
  5325 | D:7      | Noticed Joseph
  5346 | D:7      | Killed Joseph
  5460 | D:7      | Bought a potion of haste for 130 gold pieces
  5460 | D:7      | Bought 2 potions of curing for 78 gold pieces
  5489 | D:7      | Received a gift from Trog
  5751 | D:7      | Reached XP level 10. HP: 77/100 MP: 7/9
  5896 | D:7      | Found a hazy altar of Hepliaklqana.
  6130 | D:7      | Found Loteot's Book Shoppe.
  6363 | D:8      | Reached skill level 10 in Maces & Flails
  6822 | D:8      | Found an ancient bone altar of Kikubaaqudgha.
  7015 | D:8      | Found a blossoming altar of Fedhas.
  7250 | D:9      | Noticed a two-headed ogre
  7327 | D:9      | Killed a two-headed ogre
  8213 | D:10     | Entered Level 10 of the Dungeon
  8253 | D:10     | Reached skill level 11 in Maces & Flails
  8343 | D:10     | Found a runed door.
  8347 | D:10     | Noticed a sixfirhy
  8516 | D:10     | Noticed a two-headed ogre
  8529 | D:10     | Killed a two-headed ogre
  8745 | D:10     | Reached XP level 11. HP: 109/109 MP: 10/10
  9087 | D:10     | Received a gift from Trog
  9092 | D:10     | Got a shimmering battleaxe {god gift}
  9093 | D:10     | Identified the +11 battleaxe of Trog's Favour {vamp, rC+ Dex-5 SInv} (Trog gifted it to you on level 10 of the Dungeon)
  9173 | D:10     | Found a staircase to the Orcish Mines.
  9504 | D:11     | Reached skill level 1 in Axes
  9512 | D:11     | Noticed a purple ugly thing
  9521 | D:11     | Killed a purple ugly thing
  9607 | D:11     | Found a staircase to the Lair.
  9672 | D:11     | Paralysed by a hornet for 2 turns
 10066 | D:11     | Noticed an unseen horror
 10080 | D:11     | Killed an unseen horror
 10263 | D:11     | Reached skill level 5 in Axes
 10263 | D:11     | Received a gift from Trog
 10992 | D:12     | Noticed a red ugly thing
 10999 | D:12     | Killed a red ugly thing
 10999 | D:12     | Reached XP level 12. HP: 100/122 MP: 9/11
 11181 | D:12     | Got a coiled glass ring
 11227 | D:12     | Found Jigeg's Food Emporium.
 11535 | D:12     | Noticed a four-headed hydra
 11548 | D:12     | Killed a four-headed hydra
 11752 | D:12     | Got a shimmering copper ring
 11754 | D:12     | Identified the ring "Losekaar" {rF++ Str-4 Int+2 Slay+3} (You found it on level 12 of the Dungeon)
 11756 | D:12     | Identified the ring "Burhaj" {*Tele rF- Dex+6 SInv} (You took it off a crimson imp on level 12 of the Dungeon)
 11856 | D:12     | Found Quireakh's Jewellery Shoppe.
 11860 | D:12     | Bought a +5 amulet of reflection for 576 gold pieces
 11866 | D:12     | Found Eraj's Distillery.
 11889 | D:12     | Bought a potion of might for 44 gold pieces
 11889 | D:12     | Bought a potion of heal wounds for 55 gold pieces
 12029 | D:13     | Noticed a two-headed ogre
 12031 | D:13     | Noticed a two-headed ogre
 12040 | D:13     | Killed a two-headed ogre
 12041 | D:13     | Killed a two-headed ogre
 12210 | D:13     | Noticed a centaur warrior
 12233 | D:13     | Killed a centaur warrior
 12479 | D:13     | Received a gift from Trog
 12805 | D:13     | Found Taenauh's Assorted Antiques.
 12983 | D:14     | Noticed a vault guard
 12991 | D:14     | Killed a vault guard
 12992 | D:14     | Found a gate to the Vaults.
 12992 | D:14     | Noticed a vault guard
 12992 | D:14     | Noticed a vault guard
 12992 | D:14     | Noticed a vault guard
 12992 | D:14     | Noticed a vault guard
 12992 | D:14     | Noticed a vault guard
 13005 | D:13     | Killed a vault guard
 13005 | D:13     | Reached XP level 13. HP: 133/133 MP: 12/12
 13314 | D:13     | Reached skill level 10 in Fighting
 13314 | D:13     | Reached skill level 10 in Dodging
 13828 | D:14     | Noticed Roxanne
 13867 | D:14     | Killed Roxanne
 13868 | D:14     | Identified Roxanne's Guide on the Rocks (You took it off Roxanne on level 14 of the Dungeon)
 14221 | D:15     | Entered Level 15 of the Dungeon
 14552 | D:15     | Reached skill level 10 in Axes
 14686 | D:15     | Received a gift from Trog
 14701 | D:15     | HP: 3/202 [two-headed ogre/giant club (20)]
 14701 | D:15     | Mangled by a two-headed ogre

Vault maps used:
D:1:      lightli_arrival_quake, minmay_misc_feat_roman, due_unseen_surprise
D:2:      minmay_kobold_bridge, grunt_ministairs_5
D:4:      temple_hall, portal_sewer_entry_b, uniq_robin
D:5:      minmay_overflow_temple_star_quad, nicolae_tso_carved_into_rock,
          first_ration
D:6:      led_sif_book, grunt_decor_fettered, fedhas_altar_1
D:7:      marbit_many_paths, serial_shops, nicolae_shop_trees, kennysheep_mini,
          shop, uniq_joseph
D:8:      kiku_gazebo_garden_becter, old_standard_altar, grunt_pizzeria
D:9:      evilmike_butchery
D:10:     cheibrodos_shockbox, hiddenorc2_lemuel
D:11:     erik_lair_orcish_takeover
D:12:     serial_shops, nicolae_shop_trees, nicolae_shop_behind_doors,
          nicolae_shop_window_shopping
D:13:     serial_shops, shop
D:14:     erik_vaults_2, serial_park_tiny_pond, spider_trap,
          unseen_surprise_small, uniq_roxanne
D:15:     grunt_enter_depths_hoard, hangedman_decor_riveting,
          kennysheep_crisscross
Sewer:    sewer_kobolds

Skill      XL: |  1  2  3  4  5  6  7  8  9 10 11 12 13 |
---------------+----------------------------------------+-----
Maces & Flails | 3 4 5 6 8 9 11 | 11.3
Dodging        | 3 4 5 6 7 8 9 10 | 10.5
Fighting       | 3 4 5 6 7 8 9 10 | 10.5
Axes           | 5 8 10 | 10.3

Action                   |  1- 3 |  4- 6 |  7- 9 | 10-12 | 13-15 || total
-------------------------+-------+-------+-------+-------+-------++-------
Melee: Mace              |   144 |   224 |       |       |       ||   368
       Flail             |       |    10 |   424 |   405 |       ||   839
       Battleaxe         |       |       |       |   340 |   134 ||   474
Throw: Throwing net      |       |       |     1 |       |       ||     1
       Javelin           |       |       |     5 |     5 |       ||    10
Invok: Berserk           |     1 |     4 |     7 |    21 |     8 ||    41
       Brothers in Arms  |       |       |       |     3 |     4 ||     7
       Trog's Hand       |       |       |       |     1 |     1 ||     2
Evoke: Wand              |       |       |       |     8 |       ||     8
  Use: Scroll            |       |    12 |     9 |    11 |     3 ||    35
       Potion            |       |       |     2 |       |     1 ||     3
 Stab: Distracted        |       |     1 |       |       |       ||     1
       Held in net/web   |       |       |     1 |       |       ||     1
       Petrifying        |       |       |       |       |     1 ||     1
  Eat: Chunk             |    16 |    19 |    37 |    96 |    20 ||   188
       Ration            |       |       |       |     4 |     2 ||     6
Armor: Animal skin       |    70 |    90 |   122 |   105 |       ||   387
       Troll leather arm |       |       |       |    86 |       ||    86
       Robe              |       |       |       |    52 |    42 ||    94
Dodge: Dodged            |   107 |   149 |   211 |   453 |    87 ||  1007
Block: Other             |       |       |       |    20 |    42 ||    62
       Reflection        |       |       |       |     5 |     3 ||     8

Table legend:
 A = Spawn XP
 B = Non-spawn XP
 C = Spawn XP percentage of total XP
 D = Spawn monster count
 E = Non-spawn monster count
 F = Spawn count percentage of total count
 G = Total turns spent on level
                    A         B        C        D         E        F      G
               +---------+---------+-------+---------+---------+-------+---------
         Total |       0 |   58267 |   0.0 |       0 |     532 |   0.0 | 14701
               +---------+---------+-------+---------+---------+-------+---------
           D:1 |       0 |      47 |   0.0 |       0 |      27 |   0.0 |   549
           D:2 |       0 |      99 |   0.0 |       0 |      24 |   0.0 |  1041
           D:3 |       0 |      47 |   0.0 |       0 |      23 |   0.0 |   503
           D:4 |       0 |     324 |   0.0 |       0 |      37 |   0.0 |   870
           D:5 |       0 |     821 |   0.0 |       0 |      27 |   0.0 |  1045
           D:6 |       0 |    2698 |   0.0 |       0 |      46 |   0.0 |  1123
           D:7 |       0 |    1830 |   0.0 |       0 |      36 |   0.0 |  1024
           D:8 |       0 |    1448 |   0.0 |       0 |      22 |   0.0 |  1065
           D:9 |       0 |    1885 |   0.0 |       0 |      38 |   0.0 |   994
          D:10 |       0 |    2690 |   0.0 |       0 |      63 |   0.0 |  1314
          D:11 |       0 |    8699 |   0.0 |       0 |      66 |   0.0 |  1267
          D:12 |       0 |    8514 |   0.0 |       0 |      31 |   0.0 |  1139
          D:13 |       0 |   12446 |   0.0 |       0 |      32 |   0.0 |  1194
          D:14 |       0 |   10188 |   0.0 |       0 |      37 |   0.0 |  1149
          D:15 |       0 |    6405 |   0.0 |       0 |      13 |   0.0 |   255
         Sewer |       0 |     126 |   0.0 |       0 |      10 |   0.0 |   169
               +---------+---------+-------+---------+---------+-------+---------
